 Dungeon Crawl Stone Soup version 0.18.1-47-g9310371 (webtiles) character file.

182 DevlanMud the Changer (level 5, 0/40 HPs)
             Began as a Draconian Transmuter on June 14, 2016.
             Slain by Duvessa
             ... wielding a +0 short sword
              (4 damage)
             ... on level 5 of the Dungeon.
             The game lasted 00:07:50 (2486 turns).

DevlanMud the Changer (Draconian Transmuter)        Turns: 2486, Time: 00:07:51

Health: 0/40       AC:  5    Str: 16    XL:     5   Next: 34%
Magic:  2/8        EV: 12    Int: 14    God:
Gold:   141        SH:  0    Dex: 11    Spells: 2 memorised, 5 levels left

rFire  + . .     SeeInvis .       - Unarmed
rCold  . . .     Gourm    .     (armour unavailable)
rNeg   . . .     Faith    .     (no shield)
rPois  .         Spirit   .     (helmet restricted)
rElec  .         Dismiss  .     (no cloak)
rCorr  .         Reflect  .     (no gloves)
SustAt .         Harm     .     (no boots)
MR     .....                    (no amulet)
Stlth  +.........               f - +3 ring of strength
                                e - ring of protection from fire

@: not resistant to hostile enchantments, very unstealthy
A: unfitting armour, cold-blooded, AC +5
a: no special abilities


You were on level 5 of the Dungeon.
You were very hungry.

You visited 1 branch of the dungeon, and saw 5 of its levels.

You collected 141 gold pieces.

Inventory:

Missiles
 a - 66 arrows
Jewellery
 d - an uncursed ring of ice
 e - a ring of protection from fire (left hand)
 f - a +3 ring of strength (right hand)
 i - a cursed -2 ring of evasion {unknown}
Wands
 k - a wand of polymorph (16/24)
Scrolls
 j - a scroll of remove curse
Potions
 g - a potion of curing {unknown}
 h - a potion of magic {unknown}
Books
 b - a book of Changes

   Spells                             Type                      Level
   a - Beastly Appendage              Transmutation                1
   b - Sticks to Snakes               Transmutation                2
   c - Spider Form                    Transmutation/Poison         3
   d - Ice Form                       Ice/Transmutation            4
   e - Blade Hands                    Transmutation                5
Comestibles
 c - 2 bread rations


   Skills:
 - Level 1.1 Fighting
 - Level 1.7 Dodging
 + Level 4.3 Unarmed Combat
 - Level 2.0 Spellcasting
 * Level 4.6 Transmutations


You had 5 spell levels left.
You knew the following spells:

 Your Spells              Type           Power        Failure   Level  Hunger
a - Beastly Appendage     Trmt           ##....       3%          1    ##.....
b - Sticks to Snakes      Trmt           ##......     6%          2    ###....


Dungeon Overview and Level Annotations

Branches:
Dungeon (6/15)
 Temple: D:4-7

Altars:
Elyvilon
Zin
The Shining One

Annotations:
D:5 Dowan, Duvessa


Innate Abilities, Weirdness & Mutations

Your plain brown scales are hard (AC +5).
Your body does not fit into most forms of armour.
You are cold-blooded and may be slowed by cold attacks.


Message History

You hear a zap.
Some rock shatters into small pieces.
Duvessa struggles to escape constriction.
Your ball python bites Duvessa.
Your ball python constricts Duvessa.
Duvessa escapes!
Your ball python closely misses Duvessa.
Your ball python barely misses Duvessa.
Your horns disappear.
Duvessa hits you with a short sword!
* * * LOW HITPOINT WARNING * * *
Drink which item? (? for menu, Esc to quit)
Okay, then.
You barely miss Duvessa. You tail-slap Duvessa.
Duvessa is lightly wounded.
Duvessa hits you with a short sword.
* * * LOW HITPOINT WARNING * * *
You hit Duvessa.
Duvessa is lightly wounded.
Duvessa hits you with a short sword.
You die...

..... .......
.....####...##..
................
#............# #
######............# .
#.##........##......##..
...+....................
#..#......####......##.
..............Se@....+
#............#......##
#.#..................#
#.#...)..5...........#
#......######........#
#.....## #........#
....e... #........#
#...#.#.# #........#
#...#..... ...........


You could see Duvessa, a crimson imp and a friendly ball python.

Vanquished Creatures
  Blork the orc (D:5)
  A giant frog skeleton (D:5)
  2 adders
  3 gnolls (D:2)
  An ooze (D:1)
  A dart slug (D:2)
  A giant gecko (D:1)
  An orc (D:3)
  A giant cockroach (D:2)
  6 goblins (D:1)
  5 hobgoblins
  3 jackals (D:2)
  3 bats
  2 giant newts (D:1)
  9 kobolds
  2 rats (D:2)
42 creatures vanquished.

Notes
Turn   | Place    | Note
--------------------------------------------------------------
     0 | D:1      | DevlanMud the Draconian Transmuter began the quest for the Orb.
     0 | D:1      | Reached XP level 1. HP: 16/16 MP: 3/3
   365 | D:1      | Reached XP level 2. HP: 21/23 MP: 3/5
   369 | D:1      | Learned a level 2 spell: Sticks to Snakes
  1401 | D:1      | Reached XP level 3. HP: 26/28 MP: 6/6
  1584 | D:2      | Found a glowing golden altar of the Shining One.
  1585 | D:2      | Found a white marble altar of Elyvilon.
  1586 | D:2      | Found a glowing silver altar of Zin.
  1732 | D:2      | Reached XP level 4. HP: 22/35 MP: 7/7
  2409 | D:3      | You fall through a shaft for 3 floors!
  2414 | D:5      | Entered Level 5 of the Dungeon
  2436 | D:5      | Noticed Blork the orc
  2446 | D:5      | Killed Blork the orc
  2446 | D:5      | Reached XP level 5. HP: 20/40 MP: 2/8
  2459 | D:5      | Noticed Duvessa
  2459 | D:5      | Noticed Dowan
  2486 | D:5      | Slain by Duvessa

Skill      XL: |  1  2  3  4 |
---------------+-------------+-----
Transmutations | 3 4 |  4.6
Unarmed Combat | 4 |  4.3
Fighting       | |  1.1
Dodging        | |  1.7
Spellcasting   | |  2.0

Action                   |  1- 3 |  4- 6 || total
-------------------------+-------+-------++-------
Melee: Unarmed           |   132 |    38 ||   170
       Kick              |     6 |     5 ||    11
       Tailslap          |     8 |     4 ||    12
       Headbutt          |    10 |     4 ||    14
       Punch             |     1 |       ||     1
 Cast: Beastly Appendage |    22 |     5 ||    27
       Sticks to Snakes  |       |     4 ||     4
  Use: Scroll            |     2 |     2 ||     4
  Eat: Chunk             |     3 |     2 ||     5
Armor: Skin              |    29 |     6 ||    35
Dodge: Dodged            |    67 |    18 ||    85
